 Dungeon Crawl Stone Soup version 0.29-a0-506-ga2e7fffb44 (webtiles) character file.

Game seed: 18139609844126260294

1887 avis the Fighter (level 9, -8/121 HPs)
             Began as an Ogre Transmuter on May 28, 2022.
             Was a Believer of Okawaru.
             Mangled by a vampire (9 damage)
             ... on level 5 of the Dungeon.
             The game lasted 00:42:29 (8662 turns).

avis the Fighter (Ogre Transmuter)                  Turns: 8662, Time: 00:42:30

Health: -8/121     AC:  7    Str: 16    XL:     9   Next: 14%
Magic:  7/15       EV: 10    Int: 14    God:    Okawaru [**....]
Gold:   135        SH:  0    Dex: 13    Spells: 8/16 levels left

rFire   x . .      SeeInvis .     - Unarmed
rCold   + + +      Faith    .   (shield currently unavailable)
rNeg    . . .      Spirit   .   (body armour currently unavailable)
rPois   +          Reflect  .   (helmet currently unavailable)
rElec   .          Harm     .   (cloak currently unavailable)
rCorr   .          Rampage  .   (gloves unavailable)
Will    .....                   (boots unavailable)
Stlth   +.........              (no amulet)
HPRegen 0.30/turn               (no ring)
MPRegen 0.14/turn               (no ring)

@: ice-form, very slightly contaminated
A: freezing attack, amphibious, boosted hp, large, unfitting armour, (tough skin
1)
a: End Transformation, Renounce Religion, Heroism


You were on level 5 of the Dungeon.
You worshipped Okawaru.
Okawaru was pleased with you.
You were a creature of crystalline ice.
You visited 2 branches of the dungeon, and saw 6 of its levels.
You also visited: Sewer.

You collected 242 gold pieces.
You spent 107 gold pieces at shops.

Inventory:

Hand Weapons
 z - a +1 whip of freezing
 A - a +2 vorpal flail
 C - a +0 hunting sling
Missiles
 o - 2 poisoned darts
 x - 14 boomerangs
Armour
 w - a +1 robe
 B - a +2 hat of willpower (melded)
 D - a +2 robe of positive energy (melded)
Magical Staves
 a - a staff of poison
 b - a staff of cold (melded)
Wands
 y - a wand of polymorph (5)
Scrolls
 d - 5 scrolls of teleportation {unknown}
 e - 4 scrolls of poison {unknown}
 h - 7 scrolls of identify {unknown}
 j - 2 scrolls of enchant weapon {unknown}
 k - 2 scrolls of enchant armour {unknown}
 n - 4 scrolls of fear {unknown}
 r - 3 scrolls of magic mapping {unknown}
 u - a scroll of vulnerability {unknown}
 E - 2 scrolls of noise {unknown}
Potions
 c - 2 potions of brilliance
 f - a potion of curing
 g - a potion of lignification
 i - a potion of ambrosia {unknown}
 l - 3 potions of attraction {unknown}
 m - 2 potions of invisibility
 p - a potion of might {unknown}
 q - 2 potions of heal wounds {unknown}
 s - 2 potions of mutation {unknown}
 t - 2 potions of flight {unknown}
 v - a potion of cancellation {unknown}


   Skills:
 - Level 10.0 Fighting
 - Level 2.0 Dodging
 - Level 5.0 Unarmed Combat
 - Level 4.0 Spellcasting
 - Level 4.0 Transmutations
 * Level 3.7 Ice Magic
 - Level 2.0 Poison Magic
 - Level 2.0 Invocations


You had 8 spell levels left.
You knew the following spells:

 Your Spells              Type           Power      Damage    Failure   Level
a - Beastly Appendage     Tmut           28%        N/A       3%          1
p - Spider Form           Tmut/Pois      11%        N/A       17%         3
q - Ice Form              Ice/Tmut       13%        N/A       36%         4

Your spell library contained the following spells:

 Spells                   Type           Power      Damage    Failure   Level
 Wereblood                Tmut           14%        N/A       5%          2


Dungeon Overview and Level Annotations

Branches:
Dungeon (5/15)             Temple (1/1) D:4           Sewer (visited)

Altars:
Ashenzari
Cheibriados
Dithmenos
Elyvilon
Fedhas
Gozag
Hepliaklqana
Kikubaaqudgha
Makhleb
Nemelex Xobeh
Okawaru
Qazlal
Ru
Sif Muna
Trog
Uskayaw
Vehumet
Wu Jian
Xom
Yredelemnul
Zin
The Shining One

Shops:
D:3 [   D:4 :   D:5 *

Annotations:
D:5 4 runed translucent doors


Innate Abilities, Weirdness & Mutations

You are a creature of crystalline ice.
You have a powerful freezing melee attack.
You are amphibious.
Your maximum health is increased.
Your armour is entirely melded.
You are incapable of wielding weapons or throwing items.
You are too large for most types of armour.
((You have tough skin. (AC +1)))


Message History

Something draws strength from your injuries!
You're too confused to cast spells.
You're too confused to cast spells.
Unknown command.
You feel better. Something hits you. Something completely misses you.
Casting: Spider Form (dangerous; 17% risk of failure)
Confirm with . or Enter, or press ? or * to list all spells.
You feel a surge of power!
You miscast Ice Form.
You are very lightly contaminated with residual magic.
Your limbs ache and wobble like jelly.
Something hits you but does no damage. Something bites you but does no damage.
Casting: Ice Form (dangerous; 36% risk of failure)
Confirm with . or Enter, or press ? or * to list all spells.
You feel a surge of power!
You turn into a creature of crystalline ice.
Your staff of cold melds into your body.
Your +2 hat of willpower melds into your body.
Your +2 robe of positive energy melds into your body.
You feel less strong-willed.
You feel less protected from negative energy.
Something hits you but does no damage. Something bites you!
* * * LOW HITPOINT WARNING * * *
Something draws strength from your injuries!
You hit something but do no damage. Something hits you but does no damage.
Something bites you.
* * * LOW HITPOINT WARNING * * *
Something draws strength from your injuries!
You hit something.
You hear some strange, mumbled words.
Something tries to affect you, but you resist.
You closely miss something. You punch something! You freeze something.
Something hits you!
* * * LOW HITPOINT WARNING * * *
Something bites you!
* * * LOW HITPOINT WARNING * * *
Something draws strength from your injuries!
You hit something but do no damage. Something hits you!
* * * LOW HITPOINT WARNING * * *
Something bites you!
You die...

#####....#.#.##.'.##++##..#
# ###..#.##.#####8T.8##.##
# #### #..##.#..#
#8....8#..##### #..#
#...###### #$....|#.......
...# #...# #:....$#.......
...# #..## #8....8#..#...#
...# ##.# #
#####8..8##..##..# ...# #.#
#.#.'.##++##..####.. ...#
#.# #.Y#........#. #.. ...#
#.# ##{#.#######.....#.
.### #.# .##.# ######## ##
#..######..# # .##
#........## ..##
##>....#### ...# ##......#
.).## #.......# #...##
#.......#


There were no monsters in sight!

Vanquished Creatures
  Pikel (D:5)
  Duvessa (D:5)
  A black bear (D:5)
  An orc warrior (D:4)
  A phantom (D:5)
  A necrophage (D:5)
  A scorpion (D:5)
  Dowan (D:5)
  A howler monkey (D:5)
  2 hounds (D:5)
  5 orc priests
  3 jellies (D:5)
  Ijyb (D:5)
  Natasha (thrice) (D:4)
  7 orc wizards
  9 adders
  A gnoll (D:5)
  6 river rats
  A white imp (D:5)
  2 worms (D:3)
  2 dart slugs
  24 orcs
  11 ball pythons
  8 endoplasms
  7 giant cockroaches
  7 goblins
  18 hobgoblins
  10 quokkas
  6 bats
  7 frilled lizards
  12 kobolds
  12 rats
173 creatures vanquished.

Notes
Turn   | Place    | Note
-------+----------+-------------------------------------------
     0 | D:1      | avis the Ogre Transmuter began the quest for the Orb.
     0 | D:1      | Reached XP level 1. HP: 19/19 MP: 3/3
    34 | D:1      | Reached skill level 2 in Fighting
   163 | D:1      | Reached XP level 2. HP: 21/29 MP: 1/5
   295 | D:1      | Reached skill level 3 in Fighting
  1001 | D:2      | Reached XP level 3. HP: 35/37 MP: 4/6
  1194 | D:2      | Learned a level 3 spell: Spider Form
  1467 | D:2      | Reached skill level 1 in Poison Magic
  1658 | D:2      | Reached XP level 4. HP: 45/45 MP: 8/8
  2547 | D:3      | Reached skill level 4 in Fighting
  2547 | D:3      | Reached XP level 5. HP: 13/54 MP: 6/9
  2585 | D:3      | Found a glowing drain.
  2593 | Sewer    | Entered a sewer
  2995 | Sewer    | Reached skill level 5 in Fighting
  3331 | D:3      | Found Dihal's Antique Armour Shoppe.
  3394 | D:3      | Bought a glowing robe for 107 gold pieces
  3447 | D:3      | Reached skill level 6 in Fighting
  3447 | D:3      | Reached XP level 6. HP: 67/67 MP: 6/10
  3643 | D:3      | Found a faded altar of an unknown god.
  3821 | D:3      | Found a sacrificial altar of Ru.
  3831 | D:3      | Reached skill level 7 in Fighting
  4521 | D:4      | Found a staircase to the Ecumenical Temple.
  4532 | Temple   | Entered the Ecumenical Temple
  5050 | Temple   | Became a worshipper of Warmaster Okawaru
  5109 | D:4      | Noticed Natasha
  5117 | D:4      | Killed Natasha
  5562 | D:4      | Found Zuywiudd's Book Boutique.
  5749 | D:4      | Reached XP level 7. HP: 78/78 MP: 7/11
  5988 | D:4      | Noticed Natasha
  5994 | D:4      | Killed Natasha
  6188 | D:4      | Reached skill level 1 in Invocations
  6294 | D:4      | Noticed Natasha
  6299 | D:4      | Killed Natasha
  6390 | D:4      | Learned a level 4 spell: Ice Form
  6442 | D:5      | Entered Level 5 of the Dungeon
  6497 | D:5      | Noticed Ijyb
  6524 | D:5      | Killed Ijyb
  6985 | D:5      | Reached skill level 8 in Fighting
  7043 | D:5      | Found Ercholus's Assorted Antiques.
  7066 | D:5      | Reached * piety under Okawaru
  7131 | D:5      | Noticed Pikel
  7169 | D:5      | Killed Pikel
  7170 | D:5      | Reached skill level 9 in Fighting
  7170 | D:5      | Reached skill level 5 in Unarmed Combat
  7170 | D:5      | Reached XP level 8. HP: 69/92 MP: 9/12
  7260 | D:5      | Reached ** piety under Okawaru
  7274 | D:5      | HP: 1/92 [orc/+0 flail (7)]
  7994 | D:5      | Noticed a troll
  7995 | D:5      | Found a large runed translucent door.
  7996 | D:5      | Found a large runed translucent door.
  7996 | D:5      | Found a large runed translucent door.
  7997 | D:5      | Found a large runed translucent door.
  8104 | D:5      | Reached skill level 10 in Fighting
  8233 | D:5      | Noticed Duvessa
  8233 | D:5      | Noticed Dowan
  8245 | D:5      | Killed Duvessa
  8255 | D:5      | Killed Dowan
  8256 | D:5      | Reached XP level 9. HP: 58/101 MP: 11/13
  8662 | D:5      | HP: 1/121 [something (12)]
  8662 | D:5      | Mangled by a vampire

Illustrated notes

Levels and vault maps discovered:
D:1:      dpeg_arrival_windows_large_door, layout_loops_ring
D:2:      layout_basic
D:3:      layout_basic, nicolae_ru_great_annihilating_truth,
          shapermc_ecumenical_altar_pompeii, serial_forest,
          infiniplex_forest_clump_small, infiniplex_forest_lined_1,
          infiniplex_forest_corner_1, infiniplex_forest_clump_small,
          infiniplex_forest_diagonal, serial_shops, shop,
          lightli_sewer_entry_pipes, guppyfry_early_orc_mine
D:4:      layout_basic, minmay_temple_entry_purple_smoke, serial_shops, shop,
          minmay_strange_pillars, uniq_natasha
D:5:      layout_cave_pods, serial_shops, nicolae_shop_window_shopping,
          minmay_hollow_rounded_squares, uniq_ijyb, uniq_eustachio,
          uniq_duvessa, uniq_pikel
Temple:   mainiacjoe_temple_starburst

Skill      XL: |  1  2  3  4  5  6  7  8  9 |
---------------+----------------------------+-----
Fighting       | 2 3 4 6 7 9 10 | 10.0
Unarmed Combat | 3 5 |  5.0
Transmutations | 2 3 4 |  4.0
Spellcasting   | 3 4 |  4.0
Dodging        | 2 |  2.0
Poison Magic   | 1 2 |  2.0
Invocations    | 2 |  2.0
Ice Magic      | 2 3 |  3.7

Action                   |  1- 3 |  4- 6 |  7- 9 || total
-------------------------+-------+-------+-------++-------
Melee: Unarmed           |    96 |   241 |   231 ||   568
       Kick              |    28 |    26 |       ||    54
       Headbutt          |     9 |    23 |     4 ||    36
       Punch             |     4 |     3 |     1 ||     8
 Cast: Beastly Appendage |    28 |    25 |     3 ||    56
       Spider Form       |       |    25 |    28 ||    53
       Ice Form          |       |       |     1 ||     1
  Use: Potion            |       |     3 |     2 ||     5
 Stab: Sleeping          |       |     2 |     1 ||     3
       Paralysed         |       |     1 |       ||     1
Armor: Robe              |    29 |    20 |     7 ||    56
       Skin              |       |    21 |    17 ||    38
Dodge: Dodged            |    46 |   134 |   163 ||   343

Table legend: (Time is in decaauts)
 A = Elapsed time spent in this place.
 B = Non-inter-level travel time spent in this place.
 C = Inter-level travel time spent in this place.
 D = Time resting spent in this place.
 E = Time spent auto-exploring this place.
 F = Levels seen in this place.
 G = Mean time per level.
                   A        B        C        D        E       F      G
               +--------+--------+--------+--------+--------+-----+--------+
         Total |   8707 |   8231 |    476 |   1929 |   4406 |   7 | 1243.9 |
       Dungeon |   7208 |   6829 |    379 |   1354 |   3894 |   5 | 1441.6 |
        Temple |    791 |    694 |     97 |    214 |    455 |   1 |  791.0 |
         Sewer |    708 |    708 |      0 |    361 |     57 |   1 |  708.0 |
               +--------+--------+--------+--------+--------+-----+--------+

Top non-repeatable levels by time:
     D:5: 1799 daAuts
     D:4: 1532 daAuts
     D:3: 1485 daAuts
     D:2: 1297 daAuts
     D:1: 1093 daAuts
  Temple: 791 daAuts
   Sewer: 708 daAuts
